 Dungeon Crawl Stone Soup version 0.22-a0-351-g29664b4 (webtiles) character file.

166 sankara the Chopper (level 5, -5/45 HPs)
             Began as a Hill Orc Fighter on Apr 12, 2018.
             Was an Initiate of Makhleb.
             Slain by Grinder (8 damage)
             ... on level 3 of the Dungeon.
             The game lasted 00:08:31 (2584 turns).

sankara the Chopper (Hill Orc Fighter)              Turns: 2584, Time: 00:08:32

Health: -5/45      AC:  6    Str: 29    XL:     5   Next: 47%
Magic:  5/5        EV:  7    Int:  8    God:    Makhleb [......]
Gold:   123        SH: 13    Dex: 10    Spells: 4/4 levels left

rFire    . . .     SeeInvis .   a - +0 war axe
rCold    . . .     Gourm    .   c - +1 shield
rNeg     . . .     Faith    .   b - +0 scale mail
rPois    .         Spirit   .   (no helmet)
rElec    .         Reflect  +   (no cloak)
rCorr    .         Harm     .   (no gloves)
MR       .....     Rnd*Tele +   (no boots)
Stlth    ..........             g - +2 amulet of reflection
HPRegen  0.15/turn              x - +4 ring of strength
MPRegen  0.09/turn              q - ring of teleportation (curse) {+/*tele, !d}

@: mighty
A: no striking features
a: Renounce Religion


You were on level 3 of the Dungeon.
You worshipped Makhleb.
Makhleb was noncommittal.
You were not hungry.

You visited 1 branch of the dungeon, and saw 3 of its levels.

You collected 123 gold pieces.

Inventory:

Hand Weapons
 a - a +0 war axe (weapon)
Missiles
 e - 110 stones (quivered)
 k - 8 javelins of returning
 m - 67 sling bullets
Armour
 b - a +0 scale mail (worn)
 c - a +1 shield (worn)
Jewellery
 g - a +2 amulet of reflection (around neck)
   (You found it on level 2 of the Dungeon)
 h - an uncursed ring of see invisible {sInv, !d}
   (You found it on level 2 of the Dungeon)
 p - a +3 ring of dexterity
   (You found it on level 2 of the Dungeon)
 q - a cursed ring of teleportation (right hand) {+/*tele, !d}
   (You found it on level 2 of the Dungeon)
 r - an uncursed ring of wizardry {Wiz+, !d}
   (You found it on level 2 of the Dungeon)
 w - an uncursed ring of flight {+Fly, !d}
   (You found it on level 3 of the Dungeon)
 x - a +4 ring of strength (left hand)
   (You found it on level 3 of the Dungeon)
 y - a +1 ring of protection
   (You took it off a kobold on level 3 of the Dungeon)
Wands
 n - a wand of iceblast (4)
   (You found it on level 1 of the Dungeon)
Scrolls
 j - 4 scrolls of identify
 o - a scroll of enchant armour
 s - 3 scrolls of fear {unknown}
 v - 3 scrolls of blinking {unknown}
 z - a scroll of teleportation
Potions
 i - a potion of flight
 l - a potion of curing {unknown}
 u - a potion of mutation {unknown}
 A - a potion of agility {unknown}
Comestibles
 f - 9 rations


   Skills:
 - Level 3.6 Fighting
 + Level 7.3 Axes
 - Level 3.3 Armour
 - Level 3.3 Shields


You had 4 spell levels left.
You didn't know any spells.

Dungeon Overview and Level Annotations

Branches:
Dungeon (3/15)

Altars:
Gozag
Makhleb
Xom
Yredelemnul
The Shining One

Annotations:
D:3 Grinder


Message History

Okay, then.
You don't know any spells.
Unknown command.
HP restored.
Put on which piece of jewellery? (? for menu, Esc to quit)
You remove your +4 ring of strength.
You feel weaker.
w - a ring of flight (left hand) {+Fly, !d} You feel very buoyant.
You fly up into the air.
You feel somewhat more hungry.
z - a scroll of teleportation Magic restored.
You are starting to lose your buoyancy.
You now have 114 gold pieces (gained 2).
Key pressed, stopping explore.
You float gracefully downwards.
A - a smoky cyan potion
f - 8 rations (gained 1)
You now have 123 gold pieces (gained 9).
f - 9 rations (gained 1) Done exploring.
Put on which piece of jewellery? (? for menu, Esc to quit)
You remove your ring of flight {+Fly, !d}.
y - a +1 ring of protection (left hand) Done exploring.
Done exploring.
Done exploring.
Put on which piece of jewellery? (? for menu, Esc to quit)
You remove your +1 ring of protection.
You feel stronger.
x - a +4 ring of strength (left hand) Done exploring.
Done exploring.
There is an escape hatch in the floor here.
You slide downwards.
The hatch slams shut behind you.
Done exploring.
Done exploring.
Done exploring.
All of the chunks of flesh in your inventory have rotted away.
You are feeling hungry.
There is an open door here.
There is a stone staircase leading down here.
You climb downwards.
There is a stone staircase leading up here.
You slash the rat!
You kill the rat!
Makhleb accepts your kill.
No target in view!
No target in view!
You see here a rat corpse.
You butcher the rat corpse.
t - a chunk of flesh {@w0} Eating a chunk of flesh {@w0}.
You eat the chunk of flesh {@w0}.
This raw flesh tastes terrible.
The dart slug is too close now for your liking.
A dart slug is nearby!
The dart slug launches a dart at you. The slug dart hits you!
Natasha, Servant of Life and Death comes into view.
Natasha hisses angrily.
You slash the dart slug!
You kill the dart slug!
Makhleb accepts your kill.
Your Axes skill increases to level 7!
Grinder comes into view.
Grinder shouts!
Natasha casts a spell.
Natasha claws you.
Your shield and scale mail prevent you from hitting Natasha.
Natasha claws you but does no damage.
Grinder blinks!
You barely miss Natasha. You block Natasha's attack.
You barely miss Natasha. You block Natasha's attack.
You block Grinder's attack.
Natasha wildly gestures.
Natasha glows brightly for a moment.
Natasha claws you.
You barely miss Grinder. You barely miss Natasha. You block Natasha's attack.
You block Grinder's attack.
You slash Grinder!
Grinder is moderately wounded.
You closely miss Natasha. Natasha claws you. You block Grinder's attack.
You are too injured to fight recklessly!
Okay, then.
You feel very mighty all of a sudden. Natasha claws you.
Grinder barely misses you.
You closely miss Natasha. You hit Grinder. Natasha barely misses you.
Grinder gestures at you. Pain shoots through your body!
You slice Natasha!!
You kill Natasha!
Makhleb accepts your kill.
Natasha yowls pathetically as she dies!
You hit Grinder. Grinder hits you.
You writhe in agony.
You barely miss Grinder.
Grinder is heavily wounded.
Grinder gestures at you. Pain shoots through your body!
* * * LOW HITPOINT WARNING * * *
Grinder hits you!
You die...

####.# #.# #.##.# #.#
...#.# #.# #.##.# #.#
##.#.#####.#####.##.#
#.#
#.#...รท.......#.##.#
#.########
#.........###.#.##.#
#.........
#.#..###### #.##.#
########## ##.#..# #
#.##.# ...#..#
#####.#?##.# ......#
#......@5..# .####.#
#.###.#.#..# ## #.#
#.#.#..# # #.# .
#...... # #.# #.
###..### # #.# # #..#
# #.# #..# #.# #..#
#.#


You could see Grinder.

Vanquished Creatures
  A bullfrog zombie (D:2)
  Natasha (twice) (D:3)
  4 adders
  4 oozes
  A worm (D:2)
  2 dart slugs
  4 leopard geckos
  3 bats
  6 giant cockroaches
  5 goblins
  3 hobgoblins
  A jackal (D:2)
  2 quokkas (D:3)
  A ball python (D:2)
  4 frilled lizards
  5 kobolds
  13 rats
61 creatures vanquished.

Notes
Turn   | Place    | Note
-------+----------+-------------------------------------------
     0 | D:1      | sankara the Hill Orc Fighter began the quest for the Orb.
     0 | D:1      | Reached XP level 1. HP: 19/19 MP: 1/1
    25 | D:1      | Reached skill level 3 in Axes
   126 | D:1      | Reached XP level 2. HP: 23/26 MP: 2/2
   181 | D:1      | Reached skill level 4 in Axes
   559 | D:1      | Reached XP level 3. HP: 31/31 MP: 3/3
   697 | D:2      | Found a basalt altar of Yredelemnul.
   699 | D:2      | Noticed a profane servitor
   712 | D:2      | Found a glowing golden altar of the Shining One.
   714 | D:2      | Noticed an angel
   727 | D:2      | Became a worshipper of Yredelemnul the Dark
   761 | D:2      | Reached skill level 5 in Axes
   943 | D:2      | Found a shimmering altar of Xom.
   945 | D:2      | Found a burning altar of Makhleb.
  1052 | D:2      | Reached XP level 4. HP: 39/39 MP: 4/4
  1087 | D:2      | Reached skill level 6 in Axes
  1537 | D:2      | Fell from the grace of Yredelemnul
  1537 | D:2      | Became a worshipper of Makhleb the Destroyer
  1766 | D:2      | Found a faded altar of an unknown god.
  1817 | D:3      | Found an opulent altar of Gozag.
  2244 | D:3      | Noticed Natasha
  2247 | D:3      | Reached XP level 5. HP: 45/45 MP: 5/5
  2257 | D:3      | Killed Natasha
  2572 | D:3      | Noticed Natasha
  2572 | D:3      | Reached skill level 7 in Axes
  2574 | D:3      | Noticed Grinder
  2583 | D:3      | Killed Natasha
  2584 | D:3      | HP: 3/45 [Grinder/nerve-wracking pain (12)]
  2584 | D:3      | Slain by Grinder

Vault maps used:
D:1:      erik_arrival_gehennom, dk_noncrumbling_4, minivault_19
D:2:      wad_crossroads, grunt_temple_overflow_holy_war,
          grunt_temple_overflow_open, chequers_ecumenical_altar_lobes,
          corexii_shack, hangedman_decor_clover_reticule
D:3:      grunt_gozag_breadcrumbs, first_ration, nicolae_underground_beach,
          uniq_grinder, uniq_natasha, uniq_terence

Skill      XL: |  1  2  3  4  5 |
---------------+----------------+-----
Axes           | 3 4 5 6 7 |  7.3
Fighting       | |  3.6
Armour         | |  3.3
Shields        | |  3.3

Action                   |  1- 3 |  4- 6 || total
-------------------------+-------+-------++-------
Melee: War axe           |    85 |   132 ||   217
 Abil: Evoke Flight      |       |     1 ||     1
  Use: Scroll            |     4 |       ||     4
       Potion            |       |     1 ||     1
  Eat: Chunk             |     1 |     5 ||     6
Armor: Scale mail        |    29 |    30 ||    59
Dodge: Dodged            |    32 |    27 ||    59
Block: Shield            |    39 |    86 ||   125
       Reflection        |       |     1 ||     1

Table legend:
 A = Spawn XP
 B = Non-spawn XP
 C = Spawn XP percentage of total XP
 D = Spawn monster count
 E = Non-spawn monster count
 F = Spawn count percentage of total count
 G = Total turns spent on level
                    A         B        C        D         E        F      G
               +---------+---------+-------+---------+---------+-------+---------
         Total |       0 |     238 |   0.0 |       0 |      60 |   0.0 |  2584
               +---------+---------+-------+---------+---------+-------+---------
           D:1 |       0 |      46 |   0.0 |       0 |      21 |   0.0 |   778
           D:2 |       0 |      89 |   0.0 |       0 |      23 |   0.0 |  1250
           D:3 |       0 |     103 |   0.0 |       0 |      16 |   0.0 |   556
               +---------+---------+-------+---------+---------+-------+---------

Vault maps used:
D:1:      erik_arrival_gehennom, dk_noncrumbling_4, minivault_19
D:2:      wad_crossroads, grunt_temple_overflow_holy_war,
          grunt_temple_overflow_open, chequers_ecumenical_altar_lobes,
          corexii_shack, hangedman_decor_clover_reticule
D:3:      grunt_gozag_breadcrumbs, first_ration, nicolae_underground_beach,
          uniq_grinder, uniq_natasha, uniq_terence

Table legend:
 A = Turns spent in this place as a percentage of turns spent in the entire game.
 B = Non-inter-level travel turns spent in this place as a percentage of non-inter-level travel turns spent in the entire game.
 C = Inter-level travel turns spent in this place as a percentage of turns spent in this place.
 D = Turns resting spent in this place as a percentage of non-inter-level travel turns spent in this place.
 E = Turns spent auto-exploring this place as a percentage of non-inter-level travel turns spent in this place.
 F = Non-inter-level travel turns spent in this place divided by the number of levels of this place that you've seen.
                   A       B       C       D       E      F
               +-------+-------+-------+-------+-------+----------------------
         Total | 100.0 | 100.0 |  11.3 |   2.7 |  72.5 | 764.3
       Dungeon | 100.0 | 100.0 |  11.3 |   2.7 |  72.5 | 764.3
               +-------+-------+-------+-------+-------+----------------------

Table legend:
 A = Kills in this place as a percentage of kills in entire the game.
 B = Kills by you in this place as a percentage of kills by you in the entire game.
 C = Kills by friends in this place as a percentage of kills by friends in the entire game.
 D = Other kills in this place as a percentage of other kills in the entire game.
 E = Experience gained in this place as a percentage of experience gained in the entire game.
 F = Experience gained in this place divided by the number of levels of this place that you have seen.
                   A       B       C       D       E      F
               +-------+-------+-------+-------+-------+----------------------
         Total | 100.0 | 100.0 |   N/A |   N/A | 100.0 |  79.3
       Dungeon | 100.0 | 100.0 |   N/A |   N/A | 100.0 |  79.3
               +-------+-------+-------+-------+-------+----------------------
